 Seeded DCSS version 0.30-a0-743-gbfdf073431 (webtiles) character file.

Game seed: 5430720872467839093 (custom seed)

683 hbarley the Chopper (level 7, -3/61 HPs)
             Began as a Hill Orc Fighter on Feb 5, 2023.
             Was an Elder of Uskayaw.
             Slain by a two-headed ogre
             ... wielding a +0 giant spiked club
              (11 damage)
             ... on level 5 of the Dungeon.
             The game lasted 00:10:18 (3399 turns).

hbarley the Chopper (Hill Orc Fighter)              Turns: 3399, Time: 00:10:19

Health: -3/61      AC: 13    Str: 25    XL:     7   Next: 61%
Magic:  7/7        EV:  5    Int: 12    God:    Uskayaw [****..]
Gold:   568        SH: 21    Dex: 12    Spells: 6/6 levels left

rFire   . . .      SeeInvis .    j - +1 war axe of Undoing {freeze, Fly rC++}
rCold   + + .      Faith    .    u - +8 tower shield of a Million Gods {Rampage rCorr Int+4}
rNeg    + . .      Spirit   .    t - +4 chain mail of the Five Hosts {*Slow +Inv rElec rN+}
rPois   .          Reflect  .    (no helmet)
rElec   +          Harm     .    (no cloak)
rCorr   +          Rampage  +    (no gloves)
Will    .....                    (no boots) Stlth
                                 (no amulet)
HPRegen 0.30/turn                o - +6 ring of strength
MPRegen 0.10/turn                (no ring)

@: flying, studying Fighting
A: no striking features
a: Renounce Religion, Evoke Invisibility, Stomp, Line Pass


You were on level 5 of the Dungeon.
You worshipped Uskayaw.
Uskayaw was noncommittal.
You visited 2 branches of the dungeon, and saw 6 of its levels.

You collected 596 gold pieces.
You spent 28 gold pieces at shops.

Inventory:

Hand Weapons
 j - the +1 war axe of Undoing (weapon) {freeze, Fly rC++}
   (You acquired it on level 2 of the Dungeon)

   rC:        It greatly protects you from cold.
   Fly:       It grants you flight.
Missiles
 w - a throwing net (quivered)
 y - 5 poisoned darts
Armour
 t - the +4 chain mail of the Five Hosts (worn) {*Slow +Inv rElec rN+}
   (You acquired it on level 2 of the Dungeon)

   rElec:     It insulates you from electricity.
   rN:        It protects you from negative energy.
   +Inv:      It lets you turn invisible.
   *Slow:     It may slow you when you take damage.
 u - the +8 tower shield of a Million Gods (worn) {Rampage rCorr Int+4}
   (You acquired it on level 2 of the Dungeon)

   Int:       It affects your intelligence (+4).
   rCorr:     It protects you from acid and corrosion.
   Rampage:   It bestows one free step when moving towards enemies.
Jewellery
 o - a +6 ring of strength (left hand)
 s - a ring of protection from cold
 C - a ring of positive energy
Wands
 a - a wand of mindburst (13)
 B - a wand of roots (5)
Scrolls
 f - a scroll of torment {unknown}
 g - 3 scrolls of amnesia {unknown}
 h - 3 scrolls of identify
 i - 2 scrolls of noise {unknown}
 k - 2 scrolls of enchant armour {unknown}
 m - 2 scrolls of teleportation {unknown}
 p - a scroll of brand weapon {unknown}
 q - a scroll of fog {unknown}
 r - a scroll of immolation {unknown}
 z - a scroll of poison {unknown}
 A - a scroll of silence {unknown}
 D - a scroll of butterflies {unknown}
 E - a scroll of blinking {unknown}
Potions
 b - a potion of ambrosia {unknown}
 c - 2 potions of lignification {unknown}
 d - a potion of might
 e - a potion of mutation {unknown}
 l - 2 potions of attraction {unknown}
 n - 3 potions of curing {unknown}
 v - a potion of degeneration {unknown}
 x - 2 potions of berserk rage {unknown}


   Skills:
 + Level 5.0 Fighting
 + Level 6.8 Axes
 + Level 5.2 Armour
 + Level 1.4 Dodging
 + Level 0.4 Stealth
 + Level 5.3 Shields


You had 6 spell levels left.
You didn't know any spells.
Your spell library was empty.

Dungeon Overview and Level Annotations

Branches:
Dungeon (5/15)             Temple (1/1) D:4

Altars:
Cheibriados
Dithmenos
Hepliaklqana
Okawaru
Uskayaw
Vehumet
Xom
Zin
The Shining One

Shops:
D:2 ?

Annotations:
D:4 1 runed translucent door, GiantSquids's ghost, novice BaHu


Message History

You kill the hound!
You block the two-headed ogre's attack. x2
You slice the two-headed ogre!! You freeze the two-headed ogre.
The two-headed ogre is heavily wounded.
You block the two-headed ogre's attack.
The two-headed ogre hits you with a +0 giant club!!
* * * LOW HITPOINT WARNING * * *
Uskayaw will force your foes to helplessly watch your dance.
Uskayaw prepares the audience for your solo!
The helpless two-headed ogre fails to defend itself.
You hit the two-headed ogre. You freeze the two-headed ogre.
The two-headed ogre is heavily wounded.
The helpless scorpion fails to defend itself.
You hit the scorpion. You freeze the scorpion.
The scorpion is no longer paralysed.
The two-headed ogre is no longer paralysed.
You block the scorpion's attack. The two-headed ogre barely misses you.
You block the two-headed ogre's attack.
The scorpion stings you but does no damage.
You slash the two-headed ogre! You freeze the two-headed ogre.
The two-headed ogre is severely wounded.
You hit the scorpion but do no damage. You block the scorpion's attack.
The two-headed ogre hits you with a +0 giant spiked club!
* * * LOW HITPOINT WARNING * * *
You block the two-headed ogre's attack.
The scorpion stings you but does no damage.
Uskayaw will force your foes to share their pain.
Uskayaw links your audience in an emotional bond!
You completely miss the two-headed ogre.
The two-headed ogre is severely wounded.
You slash the scorpion! You freeze the scorpion.
You kill the scorpion!
The two-headed ogre is no longer sharing its pain.
You block the two-headed ogre's attack. x2
Your Fighting skill increases to level 5!
You barely miss the two-headed ogre.
The two-headed ogre is almost dead.
You block the two-headed ogre's attack.
The two-headed ogre hits you with a +0 giant club!
You die...

#### ##..##
....# #...#
#...#
######...#
........<#
#######@##
.......†O......
#######......#.
#........
.........
..#.<....
..#......
.#.#......


You could see a two-headed ogre.

Vanquished Creatures
  Blork the orc (D:4)
  2 scorpions
  A necrophage (D:2)
  2 orc priests
  A hound (D:5)
  An iguana (D:4)
  4 orc wizards
  9 gnolls
  4 adders
  A white imp (D:4)
  3 worms (D:4)
  A dart slug (D:4)
  5 orcs
  3 bats
  8 endoplasms
  3 giant cockroaches
  4 goblins
  7 hobgoblins
  7 jackals
  6 kobolds
  5 quokkas
  8 ball pythons
  2 frilled lizards
  3 rats
91 creatures vanquished.

Notes
Turn   | Place    | Note
-------+----------+-------------------------------------------
     0 | D:1      | hbarley the Hill Orc Fighter began the quest for the Orb.
     0 | D:1      | Reached XP level 1. HP: 19/19 MP: 1/1
    78 | D:1      | Reached XP level 2. HP: 16/27 MP: 2/2
   277 | D:1      | You fall into a shaft and drop 1 floor!
   350 | D:2      | Reached skill level 3 in Axes
   351 | D:2      | Reached XP level 3. HP: 29/33 MP: 3/3
   409 | D:2      | Reached XP level 4. HP: 24/40 MP: 4/4
  1285 | D:2      | Found Doddoiw's Magic Scroll Shoppe.
  1293 | D:2      | Bought a scroll of identify for 28 gold pieces
  1382 | D:2      | Noticed a necrophage
  1390 | D:2      | Killed a necrophage
  1391 | D:2      | Reached skill level 4 in Axes
  1391 | D:2      | Reached XP level 5. HP: 42/46 MP: 5/5
  1695 | D:2      | Identified 4 scrolls of acquirement
  1696 | D:2      | Acquired the +8 tower shield of a Million Gods {Rampage
                  | rCorr Int+4}
  1697 | D:2      | Acquired the +1 war axe of Undoing {freeze, Fly rC++}
  1698 | D:2      | Acquired 432 gold pieces
  1699 | D:2      | Acquired the +4 chain mail of the Five Hosts {*Slow +Inv
                  | rElec rN+}
  1815 | D:3      | Identified the +3 short sword of the Manifold Quests
                  | {flame, rElec Int+5}
  1920 | D:3      | Reached skill level 5 in Axes
  1924 | D:3      | Reached XP level 6. HP: 45/53 MP: 6/6
  2138 | D:3      | Found a faded altar of an unknown god.
  2256 | D:3      | Found an iron altar of Okawaru.
  2322 | D:3      | Identified the +2 robe of Binutifa {rPois Dex+5}
  2541 | D:4      | Reached skill level 5 in Armour
  2660 | D:4      | Reached skill level 1 in Dodging
  2666 | D:4      | Reached skill level 6 in Axes
  2735 | D:4      | Found a runed translucent door.
  2736 | D:4      | Found a staircase to the Ecumenical Temple.
  2745 | Temple   | Entered the Ecumenical Temple
  2820 | Temple   | Became a worshipper of Uskayaw the Reveller
  2872 | D:4      | Noticed GiantSquids's ghost (novice BaHu)
  2902 | D:4      | Reached * piety under Uskayaw
  2944 | D:4      | Reached ** piety under Uskayaw
  2945 | D:4      | Reached XP level 7. HP: 60/60 MP: 7/7
  3011 | D:4      | Noticed Blork the orc
  3019 | D:4      | Killed Blork the orc
  3130 | D:4      | Reached skill level 5 in Shields
  3389 | D:5      | Entered Level 5 of the Dungeon
  3390 | D:5      | Noticed a two-headed ogre
  3395 | D:5      | Reached *** piety under Uskayaw
  3397 | D:5      | Reached **** piety under Uskayaw
  3399 | D:5      | Reached skill level 5 in Fighting
  3399 | D:5      | Slain by a two-headed ogre

Illustrated notes

Levels and vault maps discovered:
D:1:      dpeg_arrival_boxes_within_box, layout_basic
D:2:      layout_loops_ring, serial_shops, shop, nicolae_kite_square_tiling_tiny
D:3:      layout_rooms, okawaru_metal_pillars_3, ebering_ecumenical_altar_rust
D:4:      layout_basic, minmay_temple_entry_overgrown, ebering_ghost_sewer_d,
          minmay_manual_monstrance, uniq_blork_the_orc
D:5:      layout_basic, uniq_duvessa
Temple:   oiseaux_autumnal_temple

Skill      XL: |  1  2  3  4  5  6  7 |
---------------+----------------------+-----
Axes           | 3 4 5 6 |  6.8
Fighting       | 4 5 |  5.0
Armour         | 4 5 |  5.2
Shields        | 4 5 |  5.3
Dodging        | 1 |  1.4
Stealth        | |  0.4

Action                     |  1- 3 |  4- 6 |  7- 9 || total
---------------------------+-------+-------+-------++-------
  Melee: War axe           |    44 |   124 |    39 ||   207
    Use: Scroll            |       |     5 |       ||     5
   Stab: Paralysed         |       |       |     2 ||     2
 Armour: Scale mail        |    31 |    10 |       ||    41
         Chain mail        |       |    46 |    14 ||    60
  Dodge: Dodged            |    27 |    27 |     8 ||    62
  Block: Buckler           |    15 |     3 |       ||    18
         Tower shield      |       |   115 |    44 ||   159

Table legend: (Time is in decaauts)
 A = Elapsed time spent in this place.
 B = Non-inter-level travel time spent in this place.
 C = Inter-level travel time spent in this place.
 D = Time resting spent in this place.
 E = Time spent auto-exploring this place.
 F = Levels seen in this place.
 G = Mean time per level.
                   A        B        C        D        E       F      G
               +--------+--------+--------+--------+--------+-----+--------+
         Total |   3505 |   3217 |    288 |      0 |   2565 |   6 |  584.2 |
       Dungeon |   3396 |   3146 |    250 |      0 |   2503 |   5 |  679.2 |
        Temple |    108 |     70 |     38 |      0 |     62 |   1 |  108.0 |
               +--------+--------+--------+--------+--------+-----+--------+

Top non-repeatable levels by time:
     D:1: 1025 daAuts
     D:4: 945 daAuts
     D:2: 754 daAuts
     D:3: 657 daAuts
  Temple: 108 daAuts
     D:5: 13 daAuts
